 Dungeon Crawl Stone Soup version 0.21-a0-518-g43a1781 (webtiles) character file.

43 kiturien the Covered (level 3, -1/33 HPs)
             Began as a Minotaur Fighter on Dec 4, 2017.
             Slain by Natasha (8 damage)
             ... on level 2 of the Dungeon.
             The game lasted 00:01:58 (843 turns).

kiturien the Covered (Minotaur Fighter)              Turns: 843, Time: 00:01:58

Health: -1/33      AC:  7    Str: 21    XL:     3   Next: 37%
Magic:  2/2        EV:  7    Int:  5    God:
Gold:   48         SH:  9    Dex:  9    Spells: 2/2 levels left

rFire    . . .     SeeInvis .   a - +0 long sword
rCold    . . .     Gourm    .   c - +0 shield
rNeg     . . .     Faith    .   b - +0 scale mail
rPois    .         Spirit   .   (helmet restricted)
rElec    .         Reflect  .   (no cloak)
rCorr    .         Harm     .   (no gloves)
MR       .....                  (no boots)
Stlth    ..........             (no amulet)
HPRegen  0.11/turn              (no ring)
MPRegen  0.08/turn              (no ring)

@: slowed, very slow
A: retaliatory headbutt, horns 2
a: no special abilities


You were on level 2 of the Dungeon.
You were not hungry.

You visited 1 branch of the dungeon, and saw 2 of its levels.

You collected 48 gold pieces.

Inventory:

Hand Weapons
 a - a +0 long sword (weapon)
Armour
 b - a +0 scale mail (worn)
 c - a +0 shield (worn)
Scrolls
 j - a scroll of identify {unknown}
Potions
 d - a potion of might
 e - a potion of curing
Comestibles
 f - 2 bread rations
 g - a meat ration
 h - 5 chunks of flesh
 i - 2 fruits


   Skills:
 * Level 4.1 Fighting
 * Level 2.9 Long Blades
 * Level 4.2 Armour
 * Level 0.3 Dodging
 * Level 4.1 Shields


You had 2 spell levels left.
You didn't know any spells.

Dungeon Overview and Level Annotations

Branches:
Dungeon (2/15)

Altars:
Makhleb
Zin

Annotations:
D:2 Natasha


Innate Abilities, Weirdness & Mutations

You reflexively headbutt those who attack you in melee.
You have a pair of horns on your head.


Message History

You block Natasha's attack. You block the kobold's attack.
Natasha barely misses you.
You riposte.
Your shield and scale mail prevent you from hitting Natasha.
Natasha is lightly wounded.
You hit Natasha. You headbutt Natasha.
Natasha is heavily wounded.
You block the kobold's attack.
The crimson imp blinks!
Natasha claws you. You block the kobold's attack. Natasha barely misses you.
You slash Natasha!
Natasha is almost dead.
The kobold hits you with a club. Natasha claws you.
The kobold hits you but does no damage. Natasha casts a spell at you.
The magic dart hits you!
* * * LOW HITPOINT WARNING * * *
It was a potion of curing.
You feel better. You block the kobold's attack. Natasha casts a spell at you.
You feel as though you will be slow longer.
The kobold closely misses you. Natasha claws you!
You die...

#.......# #.#
#.......#
..###.......########
.........†..........
..##.......########
######. #.......#
.).....#######'###
......Kh# #.....#
#@####.#.#.#
#......#.#.#
##.#.#.#.#.#
#...#.#.#.#
##..#.#.#.#
#..#.#.#.# ##
##.#.#.#.# #A #.#.#
## #...# ###


You could see Natasha and a kobold.

Vanquished Creatures
  An adder (D:2)
  An ooze (D:2)
  3 dart slugs
  A leopard gecko (D:2)
  2 bats (D:2)
  A giant cockroach (D:1)
  6 goblins
  A hobgoblin (D:1)
  A quokka (D:2)
  A kobold (D:2)
  4 rats
22 creatures vanquished.

Notes
Turn   | Place    | Note
-------+----------+-------------------------------------------
     0 | D:1      | kiturien the Minotaur Fighter began the quest for the Orb.
     0 | D:1      | Reached XP level 1. HP: 19/19 MP: 0/0
   284 | D:1      | Reached XP level 2. HP: 24/27 MP: 1/1
   729 | D:2      | Found a burning altar of Makhleb.
   734 | D:2      | Found a glowing silver altar of Zin.
   734 | D:2      | Noticed an angel
   734 | D:2      | Noticed an Executioner
   745 | D:2      | Reached XP level 3. HP: 28/33 MP: 2/2
   832 | D:2      | Noticed Natasha
   843 | D:2      | Slain by Natasha

Vault maps used:
D:1:      dpeg_arrival_tiny_i, serial_glass, glass_columns_a, glass_columns_b,
          minmay_misc_feat_plants
D:2:      grunt_temple_overflow_order_and_chaos_2, uniq_natasha

Skill      XL: |  1  2 |
---------------+-------+-----
Fighting       | 4 |  4.1
Armour         | 4 |  4.2
Shields        | 4 |  4.1
Long Blades    | |  2.9
Dodging        | |  0.3

Action                   || total
-------------------------++-------
Melee: Long sword        ||    59
       Headbutt          ||     7
  Use: Potion            ||     1
Armor: Scale mail        ||    36
Dodge: Dodged            ||    23
Block: Shield            ||    31
       Rpst.: Long sword ||     5

Table legend:
 A = Spawn XP
 B = Non-spawn XP
 C = Spawn XP percentage of total XP
 D = Spawn monster count
 E = Non-spawn monster count
 F = Spawn count percentage of total count
 G = Total turns spent on level
                    A         B        C        D         E        F      G
               +---------+---------+-------+---------+---------+-------+---------
         Total |       0 |      62 |   0.0 |       0 |      22 |   0.0 |   843
               +---------+---------+-------+---------+---------+-------+---------
           D:1 |       0 |      19 |   0.0 |       0 |       9 |   0.0 |   663
           D:2 |       0 |      43 |   0.0 |       0 |      13 |   0.0 |   180
               +---------+---------+-------+---------+---------+-------+---------
